 Dungeon Crawl Stone Soup version 0.31-a0-202-g547052bce9 (webtiles) character file.

Game seed: 16410937872768819749

1026 qw the Skirmisher (level 8, -3/44 HPs)
             Began as a Deep Elf Hunter on June 26, 2023.
             Slain by a wight
             ... wielding a +0 halberd
              (8 damage)
             ... on level 6 of the Dungeon.
             The game lasted 00:01:42 (4107 turns).

qw the Skirmisher (Deep Elf Hunter)                 Turns: 4107, Time: 00:01:43

Health: -3/44      AC: 13    Str: 10    XL:     8   Next: 2%
Magic:  0/10       EV: 13    Int: 15    God:
Gold:   364        SH:  0    Dex: 25    Spells: 7/7 levels left

rFire   . . .        Y - +2 shortbow
rCold   . . .        (shield currently unavailable)
rNeg    . . .        e - +0 ring mail of the Unseen Realm {rPois Dex+7}
rPois   +            (no helmet)
rElec   .            k - +0 cloak
rCorr   .            g - +1 pair of gloves
SInv    +            d - +0 pair of boots
Will    .....        i - amulet of guardian spirit
Stlth   ++           m - +4 ring of protection
HPRegen 0.27/turn    p - ring of see invisible
MPRegen 0.12/turn

%: guardian spirit
@: about to teleport
A: no striking features
a: no special abilities


You were on level 6 of the Dungeon.
You visited 1 branch of the dungeon, and saw 6 of its levels.

You collected 364 gold pieces.


   Skills:
 - Level 2.0 Fighting
 - Level 12.1 Ranged Weapons
 - Level 1.0 Armour
 + Level 4.5 Dodging
 - Level 1.2 Stealth


You had 7 spell levels left.
You didn't know any spells.
Your spell library was empty.

Inventory:

Hand Weapons
 Y - a +2 shortbow (weapon)
Armour
 d - a +0 pair of boots (worn)
 e - the +0 ring mail of the Unseen Realm (worn) {rPois Dex+7}
   (You found it on level 5 of the Dungeon)

   Dex:       It affects your dexterity (+7).
   rPois:     It protects you from poison.
 g - a +1 pair of gloves (worn)
 k - a +0 cloak (worn)
Jewellery
 i - an amulet of guardian spirit (around neck)
 m - a +4 ring of protection (left hand)
 p - a ring of see invisible (right hand)
Scrolls
 a - a scroll of identify
 n - a scroll of teleportation
Potions
 b - a potion of might {unknown}
 c - a potion of attraction {unknown}
 f - 5 potions of curing
 h - a potion of lignification {unknown}
 j - a potion of brilliance {unknown}
 l - a potion of haste {unknown}
 q - a potion of mutation {unknown}

Dungeon Overview and Level Annotations

Branches:
Dungeon (6/15)
 Temple: D:4-7

Altars:
Gozag
The Shining One

Shops:
D:5 :


Message History

You shoot an arrow. The arrow hits the water moccasin!
You kill the water moccasin!
The wight misses you. The hound barely misses you.
Your Dodging skill increases to level 4!
You shoot an arrow. The arrow misses the hound.
The arrow hits the wight.
The wight is moderately damaged.
The hound misses you.
The wight hits you from afar with a +0 halberd!
You feel drained. The hound barely misses you.
You shoot an arrow. The arrow hits the hound!
The hound is almost dead.
The wight closely misses you. The hound barely misses you.
You shoot an arrow. The arrow barely misses the hound.
The arrow hits the wight!
You destroy the wight!
The wight hits you from afar with a +0 halberd.
Your life force feels restored.
You shoot an arrow. The arrow hits the hound!
You kill the hound!
The wight hits you from afar with a +0 halberd.
The wight hits you with a +5 long sword!
4104 ||| READING 2 scrolls of teleportation.
As you read the scroll of teleportation, it crumbles to dust.
You feel strangely unstable. The wight hits you but does no damage.
The wight hits you with a +5 long sword.
You feel drained.
You shoot an arrow. The arrow barely misses the wight.
The arrow hits the hound!
The hound is almost dead.
The wight barely misses you. x2
You shoot an arrow. The arrow barely misses the wight.
The arrow closely misses the hound.
The arrow hits the wight!
You destroy the wight!
The wight barely misses you. The wight misses you.
Your life force feels restored.
Your Ranged Weapons skill increases to level 12!
You have reached level 8!
You feel clever.
You shoot an arrow.
The arrow hits the wight but does no damage.
The wight hits you from afar with a +0 halberd!
You die... #...# ##.... #....# #....# .... ..SO# .... zho

.... ##z############ ..
##.@%>.........# .
#####.......##.....#
............<......#####
##+#####................
....l###.##..#.#........
#.....##.##..........##.
##.....#.###......#..##.
###....#.# #......#.....
.###...+.##.......#....#


You could see an ogre, an iguana, a hound, 2 wights, an adder and an orc.

Vanquished Creatures
  Sigmund (D:2)
  A water moccasin (D:6)
  An ice beast (D:5)
  2 wights (D:6)
  4 hounds
  A jelly (D:5)
  An orc priest (D:4)
  3 iguanas (D:5)
  2 sleepcaps (D:5)
  2 orc wizards (D:5)
  4 gnolls
  3 adders
  An ufetubus (D:4)
  2 worms
  3 dart slugs
  21 orcs
  10 ball pythons
  19 endoplasms
  3 giant cockroaches
  7 goblins
  9 hobgoblins
  6 kobolds
  2 quokkas
  3 bats (D:1)
  3 frilled lizards
  7 rats
121 creatures vanquished.

Notes
Turn   | Place    | Note
-------+----------+-------------------------------------------
     0 | D:1      | qw the Deep Elf Hunter began the quest for the Orb.
     0 | D:1      | Reached XP level 1. HP: 12/12 MP: 3/3
     0 | D:1      | 0 ||| qw: Version: 0.3-a-22-g0ed2b0b
     0 | D:1      | 0 ||| qw: Game counter: 6111
     0 | D:1      | 0 ||| qw: Melee chars always use a shield: true
     0 | D:1      | 0 ||| qw: God list: Okawaru
     0 | D:1      | 0 ||| qw: Allow faded altars: false
     0 | D:1      | 0 ||| qw: Do Orc after clearing Dungeon:15 true
     0 | D:1      | 0 ||| qw: Do second Lair branch before Depths: true
     0 | D:1      | 0 ||| qw: Lair rune preference: random
     0 | D:1      | 0 ||| qw: Goals: Normal
     0 | D:1      | 0 ||| PLANNING D:1-11
    30 | D:1      | Reached XP level 2. HP: 8/16 MP: 4/4
   111 | D:1      | Reached skill level 6 in Ranged Weapons
   135 | D:1      | Found a faded altar of an unknown god.
   435 | D:1      | Reached XP level 3. HP: 20/20 MP: 5/5
   859 | D:1      | 859 ||| UPGRADING to +0 ring mail.
   869 | D:1      | 869 ||| DROPPING +0 leather armour.
   870 | D:1      | 870 ||| UPGRADING to +1 pair of gloves.
   875 | D:1      | 875 ||| READING scroll labelled RAMOMMACYUNG.
   876 | D:1      | 876 ||| READING scroll labelled TEZXIR RYMUYDI.
   879 | D:1      | 879 ||| DRINKING 2 sedimented emerald potions.
   880 | D:1      | 880 ||| DROPPING scroll of butterflies.
   881 | D:1      | 881 ||| DROPPING potion of magic.
   972 | D:2      | Reached skill level 7 in Ranged Weapons
  1256 | D:2      | Reached XP level 4. HP: 25/25 MP: 6/6
  1257 | D:2      | Noticed Sigmund
  1267 | D:2      | Killed Sigmund
  1268 | D:2      | Reached skill level 9 in Ranged Weapons
  1268 | D:2      | Reached XP level 5. HP: 24/29 MP: 7/7
  1583 | D:2      | 1583 ||| UPGRADING to +0 pair of boots.
  1588 | D:2      | 1588 ||| READING scroll labelled IPIOZX MYGYGG.
  1589 | D:2      | 1589 ||| READING scroll labelled MAPNAWOLIHE.
  1590 | D:2      | 1590 ||| READING 3 scrolls labelled ZEKETO FOBOWK.
  1691 | D:2      | 1691 ||| DROPPING 2 scrolls of silence.
  2234 | D:3      | 2234 ||| UPGRADING to +0 cloak.
  2239 | D:3      | 2239 ||| UPGRADING to amulet of guardian spirit.
  2244 | D:3      | 2244 ||| DROPPING ring of flight.
  2245 | D:3      | 2245 ||| READING scroll labelled GIMAPED HINUS.
  2246 | D:3      | 2246 ||| READING scroll labelled VUNURO UJEOPPO.
  2247 | D:3      | 2247 ||| DRINKING 2 coppery potions.
  2325 | D:4      | Reached XP level 6. HP: 35/35 MP: 8/8
  2328 | D:4      | Identified the +0 ring mail of the Beekeeper {rElec}
  2537 | D:4      | Reached skill level 1 in Armour
  2910 | D:4      | Found an opulent altar of Gozag.
  2941 | D:4      | Found a glowing golden altar of the Shining One.
  3114 | D:4      | 3114 ||| UPGRADING to +0 ring mail of the Beekeeper
                  | {rElec}.
  3124 | D:4      | 3124 ||| DROPPING +0 ring mail.
  3125 | D:4      | 3125 ||| READING scroll labelled JIGHIU QEAJI.
  3126 | D:4      | 3126 ||| READING scroll labelled FENELO GUWOPP.
  3141 | D:5      | Entered Level 5 of the Dungeon
  3142 | D:5      | 3142 ||| PLANNING SEWER
  3148 | D:5      | 3148 ||| STAIRDANCE
  3159 | D:4      | Reached skill level 10 in Ranged Weapons
  3255 | D:5      | Found Gilley's Self-Improvement Boutique.
  3257 | D:5      | 3257 ||| READING scroll of enchant weapon.
  3257 | D:5      | 3257 ||| ENCHANTING +1 shortbow.
  3311 | D:5      | Identified the +0 ring mail of the Unseen Realm {rPois
                  | Dex+7}
  3343 | D:5      | Reached skill level 3 in Dodging
  3581 | D:5      | Noticed an ice beast
  3590 | D:5      | Killed an ice beast
  3591 | D:5      | Reached XP level 7. HP: 14/40 MP: 1/9
  3745 | D:5      | Reached skill level 11 in Ranged Weapons
  3758 | D:5      | 3758 ||| RIP SEWER
  3764 | D:5      | 3764 ||| PLANNING D:1-11
  3802 | D:5      | 3802 ||| FLEEEEING.
  3855 | D:5      | 3855 ||| Stepping ~*~*~tactically~*~*~ (outnumbered).
  3858 | D:5      | 3858 ||| Stepping ~*~*~tactically~*~*~ (outnumbered).
  3998 | D:5      | 3998 ||| UPGRADING to +0 ring mail of the Unseen Realm
                  | {rPois Dex+7}.
  4008 | D:5      | 4008 ||| DROPPING +0 ring mail of the Beekeeper {rElec}.
  4009 | D:5      | 4009 ||| UPGRADING to +4 ring of protection.
  4010 | D:5      | 4010 ||| UPGRADING to ring of see invisible.
  4011 | D:5      | 4011 ||| READING scroll labelled JIPHEGO ECSEQY.
  4103 | D:6      | HP: 5/40 [wight/+5 long sword (8)]
  4104 | D:6      | 4104 ||| READING 2 scrolls of teleportation.
  4107 | D:6      | Reached skill level 12 in Ranged Weapons
  4107 | D:6      | Reached XP level 8. HP: 5/44 MP: 1/10
  4107 | D:6      | Slain by a wight

Levels and vault maps discovered:
D:1:      dpeg_arrival_windows_large_door, layout_basic,
          hellmonk_ecumenical_altar_arch_garden
D:2:      layout_basic, uniq_sigmund
D:3:      layout_basic
D:4:      layout_basic, mainiacjoe_overflow_two_lobes,
          hangedman_abyss_or_decor_passed
D:5:      layout_basic, cheibrodos_sewer_entry_bend, nicolae_shop_self_help
D:6:      minmay_recursive_quarters, layout_basic, overflow_temple_1_default,
          minmay_temple_entry_stoned_glass, ebering_ghost_inner_flame,
          minmay_quadrilaterals

Skill      XL: |  1  2  3  4  5  6  7 |
---------------+----------------------+-----
Ranged Weapons | 6 7 9 10 12 | 12.1
Armour         | 1 |  1.0
Fighting       | 2 |  2.0
Dodging        | 3 4 |  4.5
Stealth        | |  1.2

Action                     |  1- 3 |  4- 6 |  7- 9 || total
---------------------------+-------+-------+-------++-------
   Fire: Shortbow          |   125 |   160 |    89 ||   374
    Use: Scroll            |     2 |     8 |     2 ||    12
         Potion            |     1 |     1 |       ||     2
 Armour: Leather armour    |    12 |       |       ||    12
         Ring mail         |     3 |    16 |    25 ||    44
  Dodge: Dodged            |    26 |    37 |    29 ||    92

Table legend:
 A = Non-vault XP
 B = Vault XP
 C = Vault XP percentage of total XP
 D = Non-vault monster count
 E = Vault monster count
 F = Vault count percentage of total count
                 A         B        C        D         E       F
            +---------+---------+-------+---------+---------+-------
      Total |    1181 |     286 |  19.5 |     118 |       3 |   2.5
            +---------+---------+-------+---------+---------+-------
        D:1 |      54 |       0 |   0.0 |      33 |       0 |   0.0
        D:2 |      48 |     239 |  83.3 |      20 |       1 |   4.8
        D:3 |      29 |       0 |   0.0 |      15 |       0 |   0.0
        D:4 |     187 |       0 |   0.0 |      25 |       0 |   0.0
        D:5 |     529 |       5 |   0.9 |      21 |       1 |   4.5
        D:6 |     334 |      42 |  11.2 |       4 |       1 |  20.0
            +---------+---------+-------+---------+---------+-------
